 Dungeon Crawl Stone Soup version 0.28-a0-794-gafe8c5f9e9 (webtiles) character file.

Game seed: 16788833065889006795

821 bjtr the Conjurer (level 8, -1/56 HPs)
             Began as a Human Conjurer on Nov 6, 2021.
             Was an Initiate of Vehumet.
             Slain by a water moccasin (7 damage)
             ... on level 5 of the Dungeon.
             The game lasted 00:19:03 (5467 turns).

bjtr the Conjurer (Human Conjurer)                  Turns: 5467, Time: 00:19:06

Health: -1/56      AC:  5    Str:  8    XL:     8   Next: 17%
Magic:  4/12       EV: 12    Int: 20    God:    Vehumet [......]
Gold:   157        SH:  0    Dex: 12    Spells: 3/12 levels left

rFire   . . .      SeeInvis .   o - +0 morningstar
rCold   . . .      Faith    .   (no shield)
rNeg    + . .      Spirit   .   j - +0 leather armour
rPois   .          Reflect  +   c - +0 hat
rElec   .          Harm     .   t - +0 cloak
rCorr   .          Rampage  .   n - +0 pair of gloves
Will    .....                   (no boots)
Stlth   +.........              d - amulet of reflection
HPRegen 0.18/turn               l - ring of positive energy
MPRegen 0.13/turn               (no ring)

@: confused, lethally poisoned (-1 -> -17), ambrosia-drunk
A: no striking features
a: Renounce Religion


You were on level 5 of the Dungeon.
You worshipped Vehumet.
Vehumet was noncommittal.
You visited 1 branch of the dungeon, and saw 5 of its levels.

You collected 179 gold pieces.
You spent 22 gold pieces at shops.

Inventory:

Hand Weapons
 h - a +0 short sword
 m - a +0 quarterstaff
 o - a +0 morningstar (weapon)
 u - a +3 mace
 A - a +1 hand axe of electrocution
Missiles
 f - 183 stones
 k - 5 atropa-tipped darts
 r - 40 bolts
 s - 14 poisoned darts
Armour
 c - a +0 hat (worn)
 i - a +2 chain mail of fire resistance
 j - a +0 leather armour (worn)
 n - a +0 pair of gloves (worn)
 t - a +0 cloak (worn)
 x - a +0 ring mail
Magical Staves
 z - a staff of fire
Jewellery
 d - an amulet of reflection (around neck)
 l - a ring of positive energy (left hand)
Scrolls
 e - a scroll of immolation {unknown}
 g - a scroll of teleportation
 q - a scroll of magic mapping {unknown}
 y - 2 scrolls of torment {unknown}
 B - a scroll of vulnerability {unknown}
Potions
 b - a potion of magic {unknown}
 p - 2 potions of mutation
 v - 2 potions of flight
 w - a potion of attraction {unknown}


   Skills:
 + Level 2.1 Fighting
 + Level 3.5 Armour
 + Level 3.7 Dodging
 + Level 3.2 Stealth
 + Level 2.4 Shields
 + Level 2.7 Spellcasting
 + Level 5.8 Conjurations
 * Level 0.6 Fire Magic
 + Level 1.7 Poison Magic


You had 3 spell levels left.
You knew the following spells:

 Your Spells              Type           Power      Damage    Failure   Level
a - Magic Dart            Conj           100%       1d8       1%          1
b - Searing Ray           Conj           52%        2d6       2%          2
c - Scorch                Fire           10%        2d6       24%         2
d - Flame Wave            Conj/Fire      15%        3d5       47%         4

Your spell library contained the following spells:

 Spells                   Type           Power      Damage    Failure   Level
 Sting                    Tmut/Pois      24%        1d4       14%         1
 Dazzling Flash           Conj/Hex       28%        N/A       19%         3
 Poisonous Vapours        Pois/Air       12%        N/A       22%         2
 Fulminant Prism          Conj/Hex       7%         3d7       52%         4
 Iskenderun's Mystic Bla  Conj/Tloc      14%        2d5       52%         4
 Olgreb's Toxic Radiance  Pois           9%         N/A       69%         4
 Summon Cactus Giant      Summ           1%         N/A       100%        6


Dungeon Overview and Level Annotations

Branches:
Dungeon (5/15)
 Temple: D:4-7

Altars:
Dithmenos
Kikubaaqudgha
Vehumet
The Shining One

Shops:
D:1 :   D:5 *


Message History

You are poisoned.
The water moccasin poisons you!
The searing ray misses the water moccasin.
You finish channelling your searing ray.
You feel very sick. You block the water moccasin's attack.
The water moccasin misses you.
Casting: Searing Ray (safe; 2% risk of failure)
Confirm with . or Enter, or press ? or * to list all spells.
Aiming: Searing Ray (safe; 2% risk of failure)
Press: ? - help, Shift-Dir - straight line, f/p - water moccasin
Aim: a water moccasin (severely wounded, 66% to hit)
The searing ray misses the water moccasin. (Press . to maintain the ray.)
You feel sick. The water moccasin bites you!
You are more poisoned.
The water moccasin poisons you!
The searing ray hits the water moccasin.
The water moccasin is severely wounded.
You feel very sick. The water moccasin barely misses you.
Without enough magic to sustain it, your searing ray dissipates.
You feel very sick. The water moccasin closely misses you.
The water moccasin bites you!
* * * LOW HITPOINT WARNING * * *
Unknown command.
You barely miss the water moccasin.
The water moccasin is severely wounded.
* * * LOW HITPOINT WARNING * * *
You feel very sick. The water moccasin barely misses you.
The water moccasin bites you.
* * * LOW HITPOINT WARNING * * *
You are more poisoned.
The water moccasin poisons you!
It was a potion of ambrosia.
You are confused.
You feel invigorated.
* * * LOW HITPOINT WARNING * * *
You feel very sick. The water moccasin bites you!
You die...

###≈≈≈≈..###....PP. .# .
##≈≈≈≈≈........ .. .# #
..≈≈≈≈≈........... .#
8≈≈≈≈≈88...###.... ##
.................
...........###.## #
8≈≈≈≈≈88........# ...
#≈≈≈≈#####......###.....
≈≈≈≈≈# #[.....@S......
≈≈≈≈≈# #......###.....
≈≈≈≈## #......# ...
≈≈≈≈# #......# . ≈≈≈≈#
#......# ≈≈≈## #[.....#
≈≈≈# #......# ≈≈≈##
#......# ≈≈≈≈# #......#


You could see a water moccasin.

Vanquished Creatures
  A water moccasin (D:5)
  An ogre (D:4)
  A necrophage (D:5)
  A centaur (D:4)
  A scorpion (D:4)
  2 water moccasin skeletons (D:4)
  A hound (D:5)
  A jelly (D:3)
  A bullfrog skeleton (D:5)
  3 iguanas
  A howler monkey skeleton (D:4)
  3 adders
  A shadow imp (D:5)
  3 adder skeletons
  A worm (D:2)
  4 dart slugs
  4 orcs
  11 ball pythons
  9 endoplasms
  2 giant cockroaches
  7 goblins
  5 hobgoblins
  2 jackals (D:4)
  8 kobolds
  6 bats
  4 frilled lizards (D:2)
  3 rats
87 creatures vanquished.

Notes
Turn   | Place    | Note
-------+----------+-------------------------------------------
     0 | D:1      | bjtr the Human Conjurer began the quest for the Orb.
     0 | D:1      | Reached XP level 1. HP: 13/13 MP: 3/3
    30 | D:1      | Found Jutu's Book Emporium.
   309 | D:1      | Reached XP level 2. HP: 19/19 MP: 1/5
   312 | D:1      | Learned a level 2 spell: Searing Ray
  1002 | D:2      | Reached XP level 3. HP: 24/24 MP: 0/6
  1146 | D:2      | Found a faded altar of an unknown god.
  1215 | D:2      | Found a glowing golden altar of the Shining One.
  1829 | D:2      | Reached XP level 4. HP: 7/30 MP: 1/7
  2378 | D:2      | Identified a scroll of acquirement
  2378 | D:2      | Acquired an amulet of reflection
  2541 | D:3      | Reached skill level 5 in Conjurations
  2808 | D:3      | Found an ancient bone altar of Kikubaaqudgha.
  2819 | D:3      | Reached XP level 5. HP: 32/35 MP: 8/8
  2997 | D:3      | Reached skill level 1 in Armour
  3468 | D:4      | Reached skill level 1 in Shields
  3486 | D:4      | Found a shadowy altar of Dithmenos.
  3583 | D:4      | Reached XP level 6. HP: 42/42 MP: 9/9
  4017 | D:4      | Reached skill level 1 in Fighting
  4443 | D:4      | Found a radiant altar of Vehumet.
  4444 | D:4      | Noticed an ogre
  4448 | D:4      | Killed an ogre
  4449 | D:4      | Reached XP level 7. HP: 48/48 MP: 2/10
  4450 | D:4      | Reached skill level 1 in Poison Magic
  4456 | D:4      | Became a worshipper of Vehumet
  4597 | D:5      | Entered Level 5 of the Dungeon
  4701 | D:5      | Noticed a water moccasin
  4755 | D:5      | Killed a water moccasin
  4995 | D:5      | Found Futzaroj's General Store.
  5010 | D:5      | Reached XP level 8. HP: 47/56 MP: 3/12
  5080 | D:5      | Bought a scroll of identify for 22 gold pieces
  5234 | D:5      | Learned a level 2 spell: Scorch
  5239 | D:5      | Learned a level 4 spell: Flame Wave
  5467 | D:5      | Slain by a water moccasin

Illustrated notes

Levels and vault maps discovered:
D:1:      wander_arrival_lonely_grave, layout_basic, serial_shops, shop_statue,
          minmay_misc_feat_doors, minmay_misc_feat_rows
D:2:      layout_basic, basic_altar,
          hellmonk_ecumenical_altar_pennies_from_heaven
D:3:      minmay_general_purpose_star, layout_loops_ring, lemuel_tele_altar,
          grunt_ministairs_1, minmay_misc_feat_columns
D:4:      layout_rooms, nicolae_dithmenos_shadow_blocks,
          nicolae_vehumet_altar_sigil
D:5:      wander_river, layout_basic, mainiacjoe_overflow_chevrons,
          serial_shops, shop_statue, serial_park_tiny_2

Skill      XL: |  1  2  3  4  5  6  7 |
---------------+----------------------+-----
Conjurations   | 5 |  5.8
Armour         | 1 2 3 |  3.5
Shields        | 1 2 |  2.4
Fighting       | 1 2 |  2.1
Dodging        | 3 |  3.7
Poison Magic   | 1 |  1.7
Stealth        | 3 |  3.2
Spellcasting   | |  2.7
Fire Magic     | |  0.6

Action                   |  1- 3 |  4- 6 |  7- 9 || total
-------------------------+-------+-------+-------++-------
Melee: Unarmed           |    15 |       |       ||    15
       Short sword       |    48 |     5 |       ||    53
       Morningstar       |       |    81 |     7 ||    88
 Cast: Magic Dart        |    16 |       |       ||    16
       Searing Ray       |    15 |    19 |    13 ||    47
  Use: Scroll            |       |     1 |     4 ||     5
       Potion            |       |       |     1 ||     1
 Stab: Sleeping          |     1 |     4 |     1 ||     6
Armor: Robe              |     9 |       |       ||     9
       Leather armour    |    25 |    41 |     3 ||    69
Dodge: Dodged            |    79 |    68 |    15 ||   162
Block: Other             |       |    32 |     4 ||    36
       Reflection        |       |     1 |       ||     1

Table legend: (Time is in decaauts)
 A = Elapsed time spent in this place.
 B = Non-inter-level travel time spent in this place.
 C = Inter-level travel time spent in this place.
 D = Time resting spent in this place.
 E = Time spent auto-exploring this place.
 F = Levels seen in this place.
 G = Mean time per level.
                   A        B        C        D        E       F      G
               +--------+--------+--------+--------+--------+-----+--------+
         Total |   5536 |   5348 |    188 |   1254 |   3126 |   5 | 1107.2 |
       Dungeon |   5536 |   5348 |    188 |   1254 |   3126 |   5 | 1107.2 |
               +--------+--------+--------+--------+--------+-----+--------+

Top non-repeatable levels by time:
     D:2: 1560 daAuts
     D:4: 1150 daAuts
     D:3: 1039 daAuts
     D:5: 894 daAuts
     D:1: 891 daAuts
